 Dungeon Crawl Stone Soup version 0.30-a0-1043-g60ff8d5f49 (webtiles) character file.

Game seed: 14712098389184996286

7 NinjaNoafa the Covered (level 2, 0/22 HPs)
             Began as a Human Wanderer on Apr 10, 2023.
             Frozen to death by an endoplasm (5 damage)
             ... on level 1 of the Dungeon.
             The game lasted 00:03:43 (248 turns).

NinjaNoafa the Covered (Human Wanderer)              Turns: 248, Time: 00:03:43

Health: 0/22       AC: 11    Str: 14    XL:     2   Next: 5%
Magic:  3/3        EV:  7    Int: 12    God:
Gold:   14         SH:  0    Dex: 10    Spells: 2/3 levels left

rFire   . . .      SeeInvis .    f - +0 short sword
rCold   . . .      Faith    .    (no shield)
rNeg    . . .      Spirit   .    d - +0 chain mail
rPois   .          Reflect  .    (no helmet)
rElec   .          Rampage  .    (no cloak)
rCorr   .                        g - +0 pair of gloves
Will    .....                    (no boots) Stlth
                                 (no amulet)
HPRegen 0.23/turn                (no ring)
MPRegen 0.08/turn                (no ring)

@: no status effects
A: no striking features
a: no special abilities


You were on level 1 of the Dungeon.
You visited 1 branch of the dungeon, and saw 1 of its levels.

You collected 14 gold pieces.

Inventory:

Hand Weapons
 f - a +0 short sword (weapon)
Armour
 d - a +0 chain mail (worn)
 g - a +0 pair of gloves (worn)
Scrolls
 a - a scroll of identify {unknown}
 c - a scroll of fog
 e - a scroll of magic mapping {unknown}


   Skills:
 + Level 2.0 Fighting
 - Level 5.0 Armour
 - Level 1.0 Dodging
 - Level 1.0 Spellcasting
 - Level 2.0 Air Magic


You had 2 spell levels left.
You knew the following spells:

 Your Spells              Type           Power      Damage    Failure   Level
a - Shock                 Conj/Air       12%        1d3       95%         1

Your spell library contained the following spells:

 Spells                   Type           Power      Damage    Failure   Level
 Mephitic Cloud           Conj/Pois/Air  2%         N/A       100%        3


Dungeon Overview and Level Annotations

Branches:
Dungeon (1/15)

Altars:

Shops:
D:1 ?


Message History

The endoplasm freezes you.
You are frozen.
* * * LOW HITPOINT WARNING * * *
You aren't carrying any items that you can evoke.
Unknown command.
You hit the hobgoblin.
The hobgoblin is almost dead.
The endoplasm hits you but does no damage.
The hobgoblin completely misses you.
You hit the hobgoblin.
You kill the hobgoblin!
The bat hits you but does no damage. The endoplasm barely misses you.
The bat hits you but does no damage.
Your Fighting skill increases to level 2!
You have reached level 2!
You closely miss the bat. The bat hits you but does no damage.
The endoplasm freezes you.
You are frozen.
* * * LOW HITPOINT WARNING * * *
Unknown command.
You barely miss the bat. The bat hits you but does no damage.
The endoplasm freezes you.
You are frozen.
* * * LOW HITPOINT WARNING * * *
Unknown command.
You hit the bat.
The bat is severely wounded.
The bat hits you but does no damage. The endoplasm freezes you.
You are frozen.
* * * LOW HITPOINT WARNING * * *
Unknown command.
Unknown command.
Unknown command.
Unknown command.
You hit the bat.
You kill the bat!
The endoplasm freezes you.
You are frozen.
You die...

...##### #†##.#..
...# #.##.#.# ...#
#.##.#.# ...#
#.##.#.# ####
#######.##.#.#
........##.#.## #
..............# .#
........##.####..#
##########@Jg....#
#########..####
$......#..##
[......J.##
.......### .......
.$$..r. ...g...
.......


You could see an endoplasm and a hobgoblin.

Vanquished Creatures
  2 bats (D:1)
  An endoplasm (D:1)
  2 hobgoblins (D:1)
  A frilled lizard (D:1)
  A rat (D:1)
7 creatures vanquished.

Notes
Turn   | Place    | Note
-------+----------+-------------------------------------------
     0 | D:1      | NinjaNoafa the Human Wanderer began the quest for the Orb.
     0 | D:1      | NinjaNoafa set off with the following items: a +0 club, a
                  | potion of curing, a scroll of fog, a +0 chain mail; and the
                  | following spell memorised: Shock; and the following spells
                  | available to memorise: Mephitic Cloud.
     0 | D:1      | Reached XP level 1. HP: 15/15 MP: 2/2
   159 | D:1      | Found Setrukup's Magic Scroll Shoppe.
   245 | D:1      | Reached XP level 2. HP: 10/22 MP: 3/3
   248 | D:1      | Frozen to death by an endoplasm

Illustrated notes

Levels and vault maps discovered:
D:1:      lemuel_arrival_broad_hall, layout_basic, serial_shops, shop_statue,
          shop, nicolae_shop_crystal, nicolae_shop_behind_doors,
          amethyst_killhole

Skill      XL: |  1 |
---------------+----+-----
Fighting       | 2 |  2.0
Armour         | |  5.0
Dodging        | |  1.0
Spellcasting   | |  1.0
Air Magic      | |  2.0

Action                     || total
---------------------------++-------
  Melee: Short sword       ||    33
         Club              ||     4
         Punch             ||     1
    Use: Potion            ||     2
 Armour: Chain mail        ||    27
  Dodge: Dodged            ||    19

Table legend: (Time is in decaauts)
 A = Elapsed time spent in this place.
 B = Non-inter-level travel time spent in this place.
 C = Inter-level travel time spent in this place.
 D = Time resting spent in this place.
 E = Time spent auto-exploring this place.
 F = Levels seen in this place.
 G = Mean time per level.
                   A        B        C        D        E       F      G
               +--------+--------+--------+--------+--------+-----+--------+
         Total |    248 |    215 |     33 |      0 |    124 |   1 |  248.0 |
       Dungeon |    248 |    215 |     33 |      0 |    124 |   1 |  248.0 |
               +--------+--------+--------+--------+--------+-----+--------+

Top non-repeatable levels by time:
     D:1: 248 daAuts
